Map: Temple gelé

Players

Pindaman - Winner!

  • Race: Terran Terran
  • League: Silver

pupu

  • Race: Protoss Protoss
  • League: Silver

VOD

Have the link to the VOD?

Description

Time

  • Played on: April 13, 2016, 11:33 a.m.
  • Length: 14:45
Show
View Real Time Build Order
Export as new Build Order

Pindaman Terran - Winner!

Build Orders:  

Get SALT Encoding   

  12  0:01  SCV  
  13  0:13  SCV  
  14  0:20  Supply Depot  
  14  0:26  SCV  
  15  0:33  Refinery  
  15  0:42  SCV  
  16  0:48  Barracks  
  16  0:54  SCV  
  17  1:08  Barracks  
  17  1:17  Barracks  
  17  1:26  SCV  
  18  1:43  Reaper  
  19  1:48  Orbital Command  
  19  1:56  Engineering Bay, Reaper  
  20  2:05  Reaper  
  21  2:10  Supply Depot  
  21  2:15  Reaper  
  22  2:21  SCV  
  23  2:31  Reaper  
  23  2:36  Missile Turret  
  22  3:04  Reaper  
  22  3:08  Reaper  
  23  3:15  Refinery  
  23  3:23  Command Center  
  22  3:59  Reaper  
  22  4:00  Reaper x2  
  25  4:06  SCV  
  26  4:31  Reaper  
  25  4:46  Orbital Command  
  25  4:49  SCV  
  25  4:51  Barracks Tech Lab  
  25  4:52  Factory  
  24  5:17  Marauder  
  24  5:18  Marine  
  27  5:24  SCV x2  
  27  5:28  Barracks  
  29  5:33  Barracks  
  29  5:34  Barracks  
  29  5:35  Barracks, Marine  
  29  5:36  Barracks  
  29  5:39  Barracks  
  28  6:06  Marauder  
  28  6:07  SCV x2  
  28  6:09  Factory Reactor  
  32  6:11  Starport  
  32  6:12  Terran Infantry Weapons Level 1  
  32  6:15  Orbital Command  
  32  6:19  SCV  
  30  6:34  Marine  
  30  6:35  Marine x5  
  30  6:36  Marine  
  30  6:39  Marauder  
  39  6:43  SCV  
  39  6:45  SCV  
  41  6:50  Combat Shields  
  41  6:52  Marine  
  42  6:55  Bunker  
  42  7:00  Marine x2  
  42  7:01  Marine x2  
  46  7:09  Supply Depot  
  46  7:13  Supply Depot  
  46  7:15  Refinery  
  46  7:31  Marine x2, SCV x2, Medivac  
  46  7:33  Supply Depot  
  45  7:54  Marine x4  
  48  8:12  Marine x5  
  52  8:19  SCV  
  55  8:20  SCV  
  55  8:24  Marine x3, Command Center  
  58  8:27  Terran Infantry Armor Level 1  
  58  8:30  Marine x2, Armory  
  60  8:41  Refinery  
  60  8:44  Widow Mine  
  60  8:45  SCV x2  
  64  8:53  Marine x2  
  64  8:54  Marine x4  
  70  9:02  Supply Depot  
  70  9:16  Marine, Medivac  
  70  9:17  Marine x2, SCV x2  
  75  9:18  Marine  
  78  9:29  SCV x2  
  80  9:34  Marine x2  
  80  9:35  Marine x2  
  80  9:38  Medivac  
  86  9:42  Orbital Command  
  86  9:47  Stimpack  
  86  9:49  Medivac  
  88  9:58  SCV x2  
  90  10:03  Supply Depot  
  90  10:11  Medivac  
  90  10:14  SCV x2  
  94  10:15  Engineering Bay  
  87  10:35  SCV x3  
  66  10:54  Reaper x2, Marine x5  
  66  10:55  Marine  
  71  11:12  Marine x3  
  71  11:18  Terran Infantry Weapons Level 2  
  74  11:19  Terran Infantry Armor Level 2  
  66  11:37  Marine x2  
  66  11:38  Marine x5  
  52  11:40  Marine  
  50  11:55  Marine x2  
  49  12:09  Orbital Command  
  49  12:20  Marine  
  49  12:21  Marine x3, Command Center  
  49  12:22  Marine x4  
  57  12:38  Marine  
  57  12:39  Marine x5  
  57  12:40  Marine x2  
  65  12:47  SCV x2  
  67  12:56  Marine  
  68  13:07  Marine x3  
  68  13:08  Marauder, Marine x2  
  68  13:10  Medivac x2  
  68  13:11  SCV x2  
  50  14:10  SCV  
  50  14:11  SCV  
Show
View Real Time Build Order
Export as new Build Order

pupu Protoss 

Build Orders:  

Get SALT Encoding   

  12  0:02  Probe (Chrono Boost)  
  13  0:12  Probe (Chrono Boost)  
  14  0:18  Pylon  
  14  0:23  Probe (Chrono Boost)  
  15  0:36  Probe (Chrono Boost)  
  15  0:38  Gateway  
  16  0:44  Assimilator  
  16  0:47  Probe (Chrono Boost)  
  17  0:57  Probe (Chrono Boost)  
  17  1:02  Assimilator  
  18  1:08  Probe (Chrono Boost)  
  20  1:18  Probe (Chrono Boost)  
  20  1:19  Pylon  
  20  1:29  Cybernetics Core  
  20  1:31  Probe (Chrono Boost)  
  21  1:42  Probe (Chrono Boost)  
  22  1:52  Probe (Chrono Boost)  
  23  2:07  Nexus, Warp Gate (Chrono Boost)  
  23  2:12  Mothership Core  
  25  2:24  Twilight Council  
  25  2:33  Probe  
  26  2:46  Robotics Facility  
  26  3:02  Probe  
  27  3:07  Gateway  
  27  3:10  Gateway  
  27  3:14  Gateway  
  27  3:15  Probe  
  27  3:17  Probe  
  29  3:27  Pylon  
  29  3:28  Probe  
  30  3:40  Charge  
  28  3:50  Probe  
  28  3:51  Probe  
  29  3:57  Stalker  
  31  4:09  Gateway  
  31  4:12  Probe  
  31  4:13  Probe  
  33  4:21  Warp Prism  
  34  4:36  Stalker  
  32  4:49  Stalker  
  34  5:00  Forge  
  33  5:26  Gateway  
  33  5:41  Photon Cannon  
  33  5:44  Photon Cannon  
  33  5:49  Photon Cannon  
  31  6:05  Stalker x3  
  31  6:07  Probe  
  31  6:08  Probe  
  39  6:36  Probe  
  39  6:37  Probe  
  41  6:43  Immortal  
  45  6:48  Zealot x2  
  45  6:49  Zealot  
  45  6:50  Probe  
  45  6:52  Sentry  
  54  7:11  Pylon  
  54  7:13  Pylon  
  54  7:15  Pylon  
  54  7:24  Pylon  
  54  7:42  Zealot  
  54  7:43  Zealot x5  
  56  8:04  Zealot x5  
  46  8:23  Blink  
  46  8:26  Zealot x4  
  54  8:38  Probe  
  54  8:40  Probe  
  56  8:50  Sentry  
  56  8:51  Sentry x3  
  56  8:52  Probe  
  65  9:10  Immortal  
  65  9:11  Protoss Ground Weapons Level 1 (Chrono Boost)  
  69  9:17  Zealot x2  
  69  9:20  Sentry x2  
  77  9:32  Zealot x2  
  77  9:37  Probe x2  
  83  9:55  Zealot  
  85  10:07  Pylon  
  85  10:09  Pylon  
  85  10:11  Pylon  
  85  10:15  Pylon  
  85  10:18  Pylon  
  85  10:19  Assimilator  
  85  10:22  Zealot  
  85  10:23  Gateway  
  85  10:25  Gateway  
  49  10:52  Zealot x3  
  49  10:53  Zealot x3  
  57  11:16  Zealot x3  
  57  11:17  Zealot x3  
  47  12:05  Zealot x2  
  47  12:06  Zealot x4  
  51  12:13  Probe x2  
  49  12:25  Probe  
  49  12:26  Probe  
  51  12:32  Zealot x3  
  51  12:33  Zealot x3  
  63  12:38  Probe  
  64  12:57  Zealot x5  
  64  12:58  Zealot  
  76  13:19  Zealot x3  
  82  13:20  Zealot  
  72  13:36  Zealot x2  
  48  13:57  Stalker x3  
  48  14:00  Sentry x2  
  44  14:13  Probe x2  
  40  14:19  Nexus  
  40  14:23  Zealot x2  
  40  14:24  Zealot x4  
  48  14:25  Probe  
  49  14:32  Stalker x2  
Tags
 
Add a new tag
Caveats
  • Supply blocks, unpowered buildings, or Contaminate may cause inaccurate times.
  • Supply counts are checked every 10 seconds.